 Dungeon Crawl Stone Soup version 0.30.1-11-g7821555f0a (webtiles) character file.

Game seed: 16987869553354820383

1654 Okkudo the Cleaver (level 9, 0/71 (75) HPs)
             Began as a Hill Orc Monk on Dec 3, 2023.
             Was a Believer of Beogh.
             Slain by a wight
             ... wielding a +1 war axe
              (9 damage)
             ... on level 6 of the Dungeon.
             The game lasted 00:17:20 (3683 turns).

Okkudo the Cleaver (Hill Orc Monk)                  Turns: 3683, Time: 00:17:21

HP:   0/71 (75)     AC: 10    Str: 24    XL:     9   Next: 0%
MP:   9/9           EV: 11    Int: 10    God:    Beogh [**....]
Gold: 317           SH:  0    Dex: 13    Spells: 8/8 levels left

rFire   . . .        G - +2 hand axe (venom)
rCold   . . .        d - orb {light}
rNeg    . . .        n - +0 scale mail
rPois   .            f - +0 helmet
rElec   .            c - +0 cloak
rCorr   .            (no gloves)
SInv    .            j - +1 pair of boots
Will    .....        o - amulet of regeneration Stlth
                     l - ring of flight
HPRegen 1.11/turn    H - +6 ring of strength
MPRegen 0.11/turn

%: no passive effects
@: flying, glowing, drained
A: no striking features
a: Renounce Religion, Smiting


You were on level 6 of the Dungeon.
You worshipped Beogh.
Beogh was pleased with you.
You visited 1 branch of the dungeon, and saw 6 of its levels.

You collected 317 gold pieces.

Inventory:

Hand Weapons
 a - a +0 hand axe
 k - a +3 spear of venom
 G - a +2 hand axe of venom (weapon)
Missiles
 p - 4 poisoned darts (quivered)
Armour
 c - a +0 cloak (worn)
 d - an orb of light (worn)
 f - a +0 helmet (worn)
 j - a +1 pair of boots (worn)
 n - a +0 scale mail (worn)
Jewellery
 l - a ring of flight (left hand)
 o - an amulet of regeneration (around neck)
 H - a +6 ring of strength (right hand)
Wands
 t - a wand of light (9)
 v - a wand of flame (14)
 A - a wand of roots (10)
 C - a wand of mindburst (15)
Scrolls
 i - a scroll of fog
 m - 3 scrolls of noise
 u - 2 scrolls of fear
 x - a scroll of poison {unknown}
 y - 2 scrolls of torment {unknown}
 D - a scroll of vulnerability {unknown}
 E - a scroll of enchant weapon {unknown}
Potions
 b - a potion of lignification {unknown}
 e - 2 potions of degeneration {unknown}
 h - a potion of heal wounds {unknown}
 q - 3 potions of curing
 r - a potion of brilliance {unknown}
 s - a potion of attraction {unknown}
 w - a potion of flight {unknown}
 z - a potion of magic {unknown}
 B - a potion of haste {unknown}
 F - a potion of berserk rage {unknown}


   Skills:
 - Level 6.2 Fighting
 * Level 12.7 Axes
 - Level 4.2 Dodging


You had 8 spell levels left.
You didn't know any spells.
Your spell library contained the following spells:

 Spells                   Type           Power      Damage    Failure   Level
 Beastly Appendage        Tmut           0%         N/A       69%         1
 Magic Dart               Conj           0%         1d3       69%         1
 Cigotuvi's Dreadful Rot  Necr/Pois/Air  0%         N/A       83%         2
 Searing Ray              Conj           0%         2d4       83%         2
 Wereblood                Tmut           0%         N/A       83%         2
 Ignite Poison            Fire/Tmut/Pois 0%         N/A       96%         3
 Spider Form              Tmut/Pois      0%         N/A       96%         3
 Dispel Undead            Necr           0%         3d6       100%        4
 Fulminant Prism          Conj/Hex       0%         3d5       100%        4
 Freezing Cloud           Conj/Ice/Air   0%         6-21      100%        5
 Death Channel            Necr           0%         N/A       100%        6


Dungeon Overview and Level Annotations

Branches:
Dungeon (6/15)             Temple (0/1) D:6

Altars:
Ashenzari
Dithmenos
Elyvilon
The Shining One

Shops:
D:3 *=[(


Message History

You hit the wight.
You destroy the wight!
Beogh accepts your kill.
You hit the wight but do no damage.
The wight is severely damaged.
The wight misses you.
You barely miss the wight.
The wight is severely damaged.
You hit the wight but do no damage.
The wight hits you with a +3 dire flail!
The wight closely misses you.
You slash the wight!
You destroy the wight!
Beogh accepts your kill.
You hit the wight.
Your life force feels restored.
You have reached level 9!
Your experience leads to an increase in your attributes!
Your base attributes are Str 16, Int 10, Dex 13.
Increase (S)trength, (I)ntelligence, or (D)exterity?
You feel stronger. x2
You hit the wight but do no damage.
The wight is lightly damaged.
The wight hits you with a +1 war axe!
* * * LOW HITPOINT WARNING * * *
You feel drained.
* * * LOW HITPOINT WARNING * * *
You barely miss the wight.
The wight is lightly damaged.
The wight hits you with a +1 war axe!
* * * LOW HITPOINT WARNING * * *
You feel drained.
* * * LOW HITPOINT WARNING * * *
You can't see any enemies this would affect, really read the scroll of fear? [Y]es or [N]o only, please.
You can't see any enemies this would affect, really read the scroll of fear?
Okay, then.
As you read the scroll of summoning, it crumbles to dust.
Wisps of shadow whirl around you... The wight hits you with a +1 war axe!
You die...

.. ###)##.<.#......
..... ##.##.#...##.....
..... #.#.#.#...##..[..
.....###.##..#..###.....
.......##.####.## #.....
........##.# #.# #.....
........##.###.####.....
.(..(>g..oo#..........##
.(....)@o............##
......z.5o.o......##...#
#######g..g.......####..
#...........# ##
#.g..#......####
#....#.........#
#..............###
###.........#.....
#.#....<..##.##.


You could see a wight (ally target), a friendly gnoll bouda (summoned), a
friendly orc wizard (summoned), 3 friendly gnolls, 4 friendly orcs and a
friendly ufetubus (summoned).

Vanquished Creatures
  Grinder (D:4)
  A black bear (D:5)
  4 ogres
  A phantom (D:4)
  3 bullfrogs
  A gnoll sergeant (D:4)
  2 scorpions
  2 wights (D:6)
  2 jellies (D:6)
  2 hounds (D:5)
  Crazy Yiuf (D:3)
  2 iguanas (D:5)
  Natasha (thrice) (D:4)
  6 gnolls (D:4)
  7 adders
  3 white imps
  An ufetubus (D:4)
  3 worms
  2 dart slugs
  7 orcs
  6 ball pythons
  7 endoplasms
  5 giant cockroaches
  3 goblins
  A hobgoblin (D:4)
  5 quokkas
  7 bats
  6 frilled lizards
  5 kobolds
  5 rats
104 creatures vanquished.

Notes
Turn   | Place    | Note
-------+----------+-------------------------------------------
     0 | D:1      | Okkudo the Hill Orc Monk began the quest for the Orb.
     0 | D:1      | Reached XP level 1. HP: 19/19 MP: 1/1
   246 | D:1      | Reached XP level 2. HP: 27/27 MP: 2/2
   467 | D:2      | Reached XP level 3. HP: 29/33 MP: 3/3
   538 | D:2      | Found a white marble altar of Elyvilon.
   743 | D:2      | Reached XP level 4. HP: 17/41 MP: 4/4
   954 | D:3      | Found Duypepleih's Jewellery Emporium.
   967 | D:3      | Found a faded altar of an unknown god.
   987 | D:3      | Found Rano's Antique Armour Shoppe.
  1140 | D:3      | Reached skill level 5 in Axes
  1216 | D:3      | Found Kakkub's Assorted Antiques.
  1501 | D:3      | Found Xisos's Weapon Shoppe.
  1547 | D:3      | Found a runed translucent door.
  1548 | D:3      | Noticed Crazy Yiuf
  1683 | D:3      | Killed Crazy Yiuf
  1684 | D:3      | Reached XP level 5. HP: 25/47 MP: 0/5
  1799 | D:4      | Noticed Grinder
  1799 | D:4      | Noticed a phantom
  1806 | D:5      | Entered Level 5 of the Dungeon
  1819 | D:5      | Reached skill level 5 in Fighting
  1902 | D:4      | Paralysed by Grinder for 2 turns
  1909 | D:4      | Paralysed by Grinder for 4 turns
  1920 | D:4      | Paralysed by Grinder for 3 turns
  1934 | D:4      | Killed Grinder
  1935 | D:4      | Reached skill level 6 in Axes
  1935 | D:4      | Reached XP level 6. HP: 11/57 MP: 6/6
  2185 | D:4      | Reached XP level 7. HP: 62/63 MP: 7/7
  2442 | D:4      | Reached skill level 7 in Axes
  2533 | D:4      | Noticed Natasha
  2539 | D:4      | Killed Natasha
  2564 | D:4      | Noticed Natasha
  2573 | D:4      | Killed Natasha
  2653 | D:4      | Noticed Natasha
  2671 | D:4      | Killed Natasha
  2672 | D:4      | Reached skill level 8 in Axes
  2832 | D:5      | Reached skill level 9 in Axes
  2883 | D:5      | Reached XP level 8. HP: 44/70 MP: 8/8
  3165 | D:5      | Became a worshipper of Beogh the Brigand
  3165 | D:5      | Reached * piety under Beogh
  3165 | D:5      | Reached ** piety under Beogh
  3180 | D:5      | Reached skill level 10 in Axes
  3414 | D:5      | Found a shadowy altar of Dithmenos.
  3414 | D:5      | Found a glowing golden altar of the Shining One.
  3485 | D:6      | Found a staircase to the Ecumenical Temple.
  3499 | D:6      | Reached skill level 11 in Axes
  3566 | D:6      | Reached skill level 12 in Axes
  3644 | D:6      | Found a broken altar of Ashenzari.
  3681 | D:6      | Reached XP level 9. HP: 25/75 MP: 9/9
  3683 | D:6      | Slain by a wight

Illustrated notes

Levels and vault maps discovered:
D:1:      psy_arrival_basics, layout_rooms
D:2:      layout_rooms, basic_altar, nicolae_half_adder
D:3:      minmay_evil_eye, layout_rooms, chequers_ecumenical_altar_simple_redux,
          serial_shops, shop, nicolae_shop_tiny_glass, nicolae_diamond_shop,
          shop, grunt_decor_cap, minmay_diced_spiral, uniq_crazy_yiuf_cottage
D:4:      layout_rooms, lightli_minifort, uniq_natasha, uniq_grinder
D:5:      layout_loops_cross, gammafunk_temple_overflow_pools, minivault_25
D:6:      layout_rooms, marbit_many_paths, nicolae_hepliaklqana_hippocampus,
          minmay_temple_entry_statues_fountains, serial_shops,
          nicolae_shop_waterfront, minmay_a_box_with_orc_wizards_in_it

Skill      XL: |  1  2  3  4  5  6  7  8 |
---------------+-------------------------+-----
Fighting       | 4 5 6 |  6.2
Dodging        | 3 4 |  4.2
Axes           | 5 6 9 12 | 12.7

Action                     |  1- 3 |  4- 6 |  7- 9 || total
---------------------------+-------+-------+-------++-------
  Melee: Hand axe          |    75 |   212 |   195 ||   482
  Throw: Throwing net      |       |     1 |     1 ||     2
         Dart              |       |     2 |    13 ||    15
 Invoke: Convert to Beogh  |       |       |     1 ||     1
    Use: Potion            |       |     1 |       ||     1
         Scroll            |       |     3 |     3 ||     6
   Stab: Held in net/web   |       |     1 |       ||     1
 Armour: Robe              |     1 |       |       ||     1
         Ring mail         |    25 |     9 |       ||    34
         Leather armour    |     1 |       |       ||     1
         Scale mail        |       |    64 |    75 ||   139
  Dodge: Dodged            |    35 |   113 |    92 ||   240
